 Dungeon Crawl Stone Soup version 0.31.0 (webtiles) character file.

Game seed: 10148993559675434653

159 qw the Shooter (level 5, -1/32 HPs)
             Began as a Gargoyle Hunter on Jan 20, 2024.
             Killed by nerve-wracking pain
             ... invoked by an orc priest
              (4 damage)
             ... on level 3 of the Dungeon.
             The game lasted 00:00:07 (1726 turns).

qw the Shooter (Gargoyle Hunter)                    Turns: 1726, Time: 00:00:08

Health: -1/32      AC:  9    Str: 14    XL:     5   Next: 40%
Magic:  0/5        EV: 10    Int: 10    God:
Gold:   116        SH:  0    Dex: 15    Spells: 4/4 levels left

rFire   . . .        a - +0 shortbow
rCold   . . .        (shield currently unavailable)
rNeg    + . .        d - +0 ring mail
rPois   inf          (no helmet)
rElec   +            (no cloak)
rCorr   .            (no gloves)
SInv    .            (no boots)
Will    .....        f - amulet of guardian spirit
Stlth   +            (no ring)
HPRegen 0.25/turn    (no ring)
MPRegen 0.09/turn

%: guardian spirit
@: no status effects
A: sickness immunity, AC +4, negative energy resistance 1, electricity
resistance, torment resistance 1, petrification resistance
a: no special abilities


You were on level 3 of the Dungeon.
You visited 1 branch of the dungeon, and saw 3 of its levels.

You collected 116 gold pieces.


Innate Abilities, Weirdness & Mutations

You are immune to sickness and miasma.
Your stone body is resilient. (AC +4)
You are immune to poison.
You resist negative energy. (rN+)
You are resistant to electric shocks. (rElec)
You are resistant to unholy torment.
You are immune to petrification.


   Skills:
 - Level 3.2 Fighting
 + Level 5.9 Ranged Weapons
 - Level 1.2 Armour
 - Level 1.5 Dodging
 - Level 1.1 Stealth


You had 4 spell levels left.
You didn't know any spells.
Your spell library was empty.

Inventory:

Hand Weapons
 a - a +0 shortbow (weapon)
Armour
 d - a +0 ring mail (worn)
Jewellery
 f - an amulet of guardian spirit (around neck)
Scrolls
 c - a scroll of summoning {unknown}
 i - a scroll of amnesia {unknown}
 k - a scroll of acquirement {unknown}
 l - a scroll of revelation {unknown}
Potions
 b - 2 potions of haste {unknown}
 e - a potion of mutation
 g - a potion of enlightenment {unknown}
 h - a potion of curing
 j - a potion of experience {unknown}

Dungeon Overview and Level Annotations

Branches:
Dungeon (3/15)

Altars:
Ru


Message History

The orc priest is lightly wounded.
The orc priest hits you but does no damage.
You shoot an arrow. The arrow hits the orc priest.
The orc priest is heavily wounded.
The orc priest hits you with a +0 club.
The orc priest mumbles some strange prayers to Beogh against you.
Pain shoots through your body!
You shoot an arrow. The arrow hits the orc priest!
You kill the orc priest!
The orc priest hits you with a +0 short sword.
The orc priest mumbles some strange prayers to Beogh against you.
Beogh smites you! The kobold barely misses you.
You shoot an arrow. The arrow hits the orc priest!
The orc priest is severely wounded.
The kobold hits you but does no damage. The orc priest closely misses you.
You shoot an arrow. The arrow barely misses the orc priest.
The orc priest hits you but does no damage.
The kobold hits you but does no damage.
You shoot an arrow. The arrow barely misses the orc priest.
The orc priest hits you but does no damage.
The kobold barely misses you.
You shoot an arrow.
The arrow closely misses the orc priest.
The kobold closely misses you.
An ogre comes into view. It is wielding a +0 giant spiked club.
The orc priest mumbles some strange prayers to Beogh against you.
Pain shoots through your body! The kobold barely misses you.
The orc priest completely misses you.
You shoot an arrow. The ogre shouts!
The arrow hits the orc priest but does no damage.
The orc priest is severely wounded.
The orc priest hits you but does no damage.
The kobold barely misses you.
You shoot an arrow. The arrow hits the orc priest.
The orc priest is almost dead.
The kobold closely misses you.
The orc priest calls down the wrath of Beogh upon you.
Pain shoots through your body!
You die...

#~_.~.~.~.~......#....#...#
#~~........~...#...##.....#
##########~.....#.......#.#
. ######.#...#####.#### ..#
#...>..# #.....# .(..
###..#..###.....# .....
##...#............
#.....#..###.##.........
#..@## #.###........
##oK..##.##..#......
...##.......#.......
#.O...####.##.........
...)##....#.#..........
#..)...........#........
.... ..............:....
>### ###########........
##.......


You could see an ogre, an orc priest and a kobold.

Vanquished Creatures
  An orc priest (D:3)
  An orc wizard (D:3)
  4 adders
  3 dart slugs
  8 orcs (D:3)
  2 endoplasms
  3 giant cockroaches
  3 goblins
  2 hobgoblins (D:1)
  5 jackals (D:1)
  5 kobolds
  4 quokkas
  4 ball pythons
  4 bats
  3 frilled lizards
  4 rats
56 creatures vanquished.

Notes
Turn   | Place    | Note
-------+----------+-------------------------------------------
     0 | D:1      | qw the Gargoyle Hunter began the quest for the Orb.
     0 | D:1      | Reached XP level 1. HP: 12/12 MP: 1/1
     0 | D:1      | 0 ||| qw: Version: 0.3-a-132-g3d54051
     0 | D:1      | 0 ||| qw: Game counter: 468
     0 | D:1      | 0 ||| qw: Melee chars always use a shield: true
     0 | D:1      | 0 ||| qw: God list: Okawaru
     0 | D:1      | 0 ||| qw: Allow faded altars: false
     0 | D:1      | 0 ||| qw: Do Orc after clearing Dungeon:15 true
     0 | D:1      | 0 ||| qw: Do second Lair branch before Depths: true
     0 | D:1      | 0 ||| qw: Lair rune preference: random
     0 | D:1      | 0 ||| qw: Goals: Normal
     0 | D:1      | 0 ||| PLANNING D:1-11
   117 | D:1      | 117 ||| DROPPING +2 sling of freezing.
   278 | D:1      | Reached XP level 2. HP: 13/17 MP: 2/2
   394 | D:1      | Reached XP level 3. HP: 10/21 MP: 3/3
   554 | D:1      | Reached skill level 5 in Ranged Weapons
   582 | D:1      | 582 ||| UPGRADING to +0 ring mail.
   592 | D:1      | 592 ||| DROPPING +0 leather armour.
   593 | D:1      | 593 ||| UPGRADING to amulet of guardian spirit.
   598 | D:1      | 598 ||| READING 2 scrolls labelled HAK IZ HATS.
   599 | D:1      | 599 ||| READING scroll labelled UGIATO MACUI.
   614 | D:1      | 614 ||| READING scroll labelled XUASSOSOESS.
   615 | D:1      | 615 ||| DROPPING scroll of butterflies.
   616 | D:1      | 616 ||| DROPPING scroll of poison.
   740 | D:2      | Reached skill level 1 in Armour
   768 | D:2      | 768 ||| FLEEEEING.
   852 | D:2      | Reached XP level 4. HP: 27/27 MP: 4/4
   871 | D:2      | 871 ||| FLEEEEING.
  1325 | D:2      | Found a faded altar of an unknown god.
  1331 | D:2      | Reached skill level 3 in Fighting
  1375 | D:2      | 1375 ||| READING scroll labelled QIYTYS VOUWOASH.
  1376 | D:2      | 1376 ||| FLEEEEING.
  1486 | D:2      | 1486 ||| READING 2 scrolls labelled LUNEMINOLO.
  1486 | D:2      | 1486 ||| IDENTIFYING puce potion
  1487 | D:2      | 1487 ||| READING scroll of identify.
  1487 | D:2      | 1487 ||| IDENTIFYING dark potion
  1616 | D:3      | Reached XP level 5. HP: 32/32 MP: 5/5
  1623 | D:3      | 1623 ||| FLEEEEING.
  1681 | D:3      | Found a sacrificial altar of Ru.
  1720 | D:3      | HP: 4/32 [orc priest/divine providence (7)]
  1724 | D:3      | Noticed an ogre
  1726 | D:3      | Killed from afar by an orc priest

Levels and vault maps discovered:
D:1:      dpeg_arrival_circle_labyrinth_c, layout_rooms
D:2:      layout_loops_ring, shapermc_ecumenical_altar_mp_vishouse,
          nicolae_concentric_dashed_squares_mild
D:3:      layout_rooms, nicolae_ru_path_of_blood, dk_noncrumbling_3,
          minmay_misc_feat_square

Skill      XL: |  1  2  3  4 |
---------------+-------------+-----
Ranged Weapons | 5 |  5.9
Armour         | 1 |  1.2
Fighting       | 3 |  3.2
Dodging        | |  1.5
Stealth        | |  1.1

Action                     |  1- 3 |  4- 6 || total
---------------------------+-------+-------++-------
   Fire: Shortbow          |   128 |    82 ||   210
    Use: Scroll            |     3 |     3 ||     6
 Armour: Leather armour    |    37 |       ||    37
         Ring mail         |    32 |    23 ||    55
  Dodge: Dodged            |    60 |    29 ||    89

Table legend:
 A = Non-vault XP
 B = Vault XP
 C = Vault XP percentage of total XP
 D = Non-vault monster count
 E = Vault monster count
 F = Vault count percentage of total count
                 A         B        C        D         E       F
            +---------+---------+-------+---------+---------+-------
      Total |     228 |       0 |   0.0 |      56 |       0 |   0.0
            +---------+---------+-------+---------+---------+-------
        D:1 |      41 |       0 |   0.0 |      24 |       0 |   0.0
        D:2 |      63 |       0 |   0.0 |      16 |       0 |   0.0
        D:3 |     124 |       0 |   0.0 |      16 |       0 |   0.0
            +---------+---------+-------+---------+---------+-------
